 Dungeon Crawl Stone Soup version 5.7-8-g3a8b389 (webtiles) character file.

870 Sir the Geomancer (level 9, -2/54 HPs)
             Began as a Mountain Dwarf Earth Elementalist on Aug 31, 2018.
             Was an Initiate of Sif Muna.
             Slain by a gnoll sergeant
             ... wielding a +0 trident
              (11 damage)
             ... on level 7 of the Dungeon on Sept 1, 2018.
             The game lasted 00:25:00 (7379 turns).

Sir the Geomancer (MDEE)                            Turns: 7379, Time: 00:25:01

Health: -2/54      AC:  8 (34%)Str: 11  XL:     9   Next: 47%
Magic:  6/17       EV:  9    Int: 23    God:    Sif Muna [0*[22]]
Gold:   484        SH:  0    Dex: 11    Spells: 6/18 levels left

rFire    . . .     SeeInvis .   v - +0 war axe
rCold    . . .     Faith    .   (no shield)
rNeg     . . .     Spirit   .   q - +0 chain mail
rPois    .         Reflect  .   g - +2 hat
rElec    .                      (no cloak)
rCorr    .                      (no gloves)
MR       +....                  (no boots)
Stlth    ..........             (no amulet)
Regen    0.2/turn               t - ring of protection from magic
MPRegen  0.3/turn               I - ring of wizardry

@: very slightly contaminated
A: clever, deformed body, frail 1, wild magic 1, sturdy frame
a: Renounce Religion


You were on level 7 of the Dungeon.
You worshipped Sif Muna.
Sif Muna was noncommittal.
You were not hungry.

You visited 1 branch of the dungeon, and saw 7 of its levels.

You collected 484 gold pieces.

Inventory:

Hand Weapons
 e - a +0 dagger of distortion
 l - a +0 hand axe
 u - a +0 flail
 v - a +0 war axe (weapon)
 y - the +4 morningstar of the Everdark {freeze, Fragile rF+ rC+}
   (You found it on level 5 of the Dungeon)

   It has been specially enchanted to freeze those struck by it, causing extra
   injury to most foes and up to half again as much damage against particularly
   susceptible opponents.
   It can also slow down cold-blooded creatures.
   It protects you from fire.
   It protects you from cold.
   It will be destroyed if unequipped.
Missiles
 d - 141 javelins
 f - 204 tomahawks (quivered)
 n - 15 frenzy darts
 H - 73 poisoned darts
Armour
 b - a +0 robe
 c - a +0 leather armour
 g - a +2 hat (worn)
 j - a +2 buckler
 q - a +0 chain mail (worn)
Jewellery
 t - a ring of protection from magic (left hand)
 x - an uncursed ring of ice
 I - a ring of wizardry (right hand)
 J - an uncursed ring of positive energy
Wands
 z - a wand of digging (11)
 C - a wand of flame (5)
 D - a wand of slimification (7)
 E - a wand of lightning (5)
Scrolls
 h - a scroll of amnesia
 i - a scroll of enchant armour
 m - a scroll of magic mapping
 s - a scroll of enchant weapon
 w - a scroll of teleportation
 F - a scroll of fear
Potions
 a - 3 potions of augmentation
 k - a potion of heal wounds
 o - 2 potions of magic
 p - a potion of resistance
 r - a potion of cancellation
 A - a potion of invisibility
 B - 2 potions of haste
 G - a potion of flight


   Skills:
 - Level 2.1 Fighting
 + Level 8.7 Axes
 + Level 6.2 Armour
 - Level 1.5 Dodging
 - Level 1.5 Stealth
 - Level 2.8 Transmutations
 + Level 9.1 Earth Magic


You had 6 spell levels left.
You knew the following spells:

 Your Spells              Type           Power        Failure   Level  Hunger
a - Sandblast             Erth           25 (25)      1%          1    N/A
b - Passwall              Tmut/Erth      36 (200)     4%          2    N/A
c - Petrify               Tmut/Erth      36 (100)     24%         4    N/A
d - Lee's Rapid Deconstr  Erth           53 (200)     19%         5    N/A

Your spell library contained the following spells:

 Spells                   Type           Power        Failure   Level  Hunger
 Cause Fear               Hex            0 (200)      92%         4    N/A
 Haste                    Chrm           0 (200)      100%        9    N/A
 Confuse                  Hex            0 (100)      58%         3    N/A
 Death's Door             Chrm/Necr      0 (200)      100%        8    N/A
 Haunt                    Necr/Summ      0 (200)      100%        7    N/A
 Borgnjor's Revivificati  Necr           0 (200)      100%        8    N/A
 Freeze                   Ice            0 (25)       28%         1    N/A
 Ozocubu's Armour         Chrm/Ice       0 (100)      92%         4    N/A
 Necromutation            Tmut/Necr      8 (200)      100%        6    N/A
 Deflect Missiles         Chrm/Air       0 (200)      100%        6    N/A
 Throw Icicle             Ice            0 (100)      92%         4    N/A
 Confusing Touch          Hex            0 (50)       28%         1    N/A
 Ensorcelled Hibernation  Hex/Ice        0 (50)       38%         2    N/A
 Metabolic Englaciation   Hex/Ice        0 (200)      99%         5    N/A
 Silence                  Hex/Air        0 (200)      92%         4    N/A
 Shatter                  Erth           53 (200)     100%        9    N/A
 Static Discharge         Air            0 (100)      58%         3    N/A
 Tornado                  Air            0 (200)      100%        9    N/A
 Fulminant Prism          Air            0 (200)      99%         5    N/A
 Force Lance              Tloc/Erth      27 (100)     14%         3    N/A
 Discord                  Hex            0 (200)      100%        8    N/A
 Yara's Violent Unravell  Hex/Tmut       8 (200)      98%         5    N/A
 Infestation              Hex/Necr       0 (200)      100%        7    N/A
 Ignition                 Fire           0 (200)      100%        8    N/A

Dungeon Overview and Level Annotations

Branches:
Dungeon (7/15)

Altars:
Cheibriados
Dithmenos
Elyvilon
Gozag
Jiyva
Kikubaaqudgha
Lugonu
Makhleb
Nemelex Xobeh
Okawaru
Qazlal
Ru
Sif Muna
Uskayaw
Vehumet
Wu Jian
Xom
Yredelemnul
Zin
The Shining One


Innate Abilities, Weirdness & Mutations

Your spells are a little harder to cast, but a little more powerful.
Your movements are less encumbered by armour. (ER -6)
Your mind is acute. (Int +5)
Armour fits poorly on your strangely shaped body.
You are frail. (-10% HP)


Message History

Aiming: Sandblast (safe; 1% risk of failure)
Press: ? - help, Shift-Dir - straight line, f/p - gnoll sergeant
Aim: a gnoll sergeant, wielding a +0 trident and wearing a +0 buckler (severely wounded)
The rocky blast hits the gnoll sergeant (1).
The gnoll sergeant is severely wounded.
The gnoll sergeant hits you with a +0 trident (9)!
You hit the gnoll sergeant (4).
The gnoll sergeant is almost dead.
The gnoll sergeant closely misses you.
You barely miss the gnoll sergeant.
The gnoll sergeant is almost dead.
The gnoll sergeant hits you with a +0 trident (7)!
* * * LOW HITPOINT WARNING * * *
You hit the gnoll sergeant but do no damage.
The gnoll sergeant is almost dead.
The gnoll sergeant hits you with a +0 trident (5).
* * * LOW HITPOINT WARNING * * *
A centaur zombie comes into view.
The gnoll sergeant hits you from afar with a +0 trident (11)!
You die...

..###.........#
#...........#
#...#.........#
#...........#
###.#.........#
##.........## #..[........#
##.......## ###....>....##
####.##.#### #..[..)....#
#....##.# ##..........#
#.#####.###
##..#.....#..###.#.......#
#..#########..@..#.......#
#.## ##...g........# #.#
#...###.......# #.#
#..#.###.......# ###.#
#.##..##.......# #...##
###.###.##.......# ..>).##
#.Z. #.#####.#.##
##..).#####.### #..####.#.#
#..##.........####......#.#


You could see a gnoll sergeant and a centaur zombie (wandering).

Vanquished Creatures
  Grinder (D:7)
  Sigmund (D:5)
  Edmund (D:5)
  A black bear (D:7)
  An ogre (D:5)
  A spiny frog skeleton (D:7)
  An ice beast (D:7)
  A bullfrog (D:7)
  A water moccasin skeleton (D:7)
  A scorpion (D:4)
  A crimson imp (D:7)
  4 wights (D:7)
  2 vampire bats (D:3)
  A howler monkey (D:5)
  A centaur zombie (D:7)
  4 quasits
  A bullfrog zombie (D:5)
  A bullfrog skeleton (D:5)
  2 hounds
  2 orc priests (D:6)
  A jelly (D:5)
  6 orc wizards
  A centaur skeleton (D:4)
  Crazy Yiuf (D:5)
  8 worker ants
  A killer bee zombie (D:6)
  3 iguanas
  A hound zombie (D:7)
  3 gnolls (D:7)
  9 adders
  2 oozes (D:1)
  6 dart slugs
  17 orcs
  A quokka (D:2)
  3 ball pythons
  5 bats
  3 bat skeletons (D:3)
  3 bat zombies (D:3)
  4 giant cockroaches
  6 goblins
  4 hobgoblins
  12 jackals
  6 frilled lizards
  2 gnoll zombies (D:3)
  6 kobolds
  6 rats
  A fungus (D:5)
150 creatures vanquished.

Notes
Turn   | Place    | Note
-------+----------+-------------------------------------------
     0 | D:1      | Sir the Mountain Dwarf Earth Elementalist began the quest for the Orb.
     0 | D:1      | Reached XP level 1. HP: 13/13 MP: 2/2
   171 | D:1      | Reached XP level 2. HP: 9/20 MP: 0/4
   371 | D:1      | Reached skill level 1 in Axes
   451 | D:1      | Reached skill level 1 in Fighting
   453 | D:1      | Reached XP level 3. HP: 21/26 MP: 0/5
   691 | D:1      | Gained mutation: You are frail. (-10% HP) [mutagenic hatch]
   710 | D:2      | Reached skill level 5 in Earth Magic
   799 | D:2      | Found a sparkling altar of Nemelex Xobeh.
   905 | D:2      | Reached XP level 4. HP: 20/28 MP: 2/7
  1057 | D:2      | Found a sacrificial altar of Ru.
  1302 | D:2      | Gained mutation: You have a pair of small horns on your head. [mutagenic hatch]
  1373 | D:3      | Found a shimmering altar of Xom.
  1404 | D:3      | Learned a level 2 spell: Passwall
  1405 | D:3      | Learned a level 4 spell: Petrify
  1421 | D:3      | HP: 1/28 [poisoned by a worker ant]
  1574 | D:3      | HP: 1/28 [poisoned by a worker ant]
  1935 | D:3      | Found a shimmering altar of Xom.
  1935 | D:3      | Found a shimmering altar of Xom.
  2021 | D:3      | Reached XP level 5. HP: 33/33 MP: 2/8
  2195 | D:3      | Found a faded altar of an unknown god.
  2223 | D:3      | Found an opulent altar of Gozag.
  2298 | D:3      | Found a basalt altar of Yredelemnul.
  2533 | D:3      | Gained mutation: Your spells are a little harder to cast, but a little more powerful. [Mountain Dwarf growth]
  2533 | D:3      | Reached XP level 6. HP: 34/39 MP: 10/10
  2535 | D:3      | Found an ancient bone altar of Kikubaaqudgha.
  2614 | D:3      | Reached skill level 6 in Earth Magic
  2774 | D:3      | Gained mutation: Your mind is acute. (Int +5) [mutagenic hatch]
  2848 | D:4      | Learned a level 5 spell: Lee's Rapid Deconstruction
  3074 | D:4      | Reached skill level 1 in Armour
  3289 | D:4      | Reached XP level 7. HP: 40/45 MP: 11/13
  3353 | D:4      | Noticed an air elemental
  3355 | D:4      | Found a stormy altar of Qazlal.
  3356 | D:4      | Noticed a fire elemental
  3356 | D:4      | Noticed a water elemental
  3441 | D:4      | Reached skill level 5 in Axes
  3614 | D:4      | Found an ornate altar of the Wu Jian Council.
  3697 | D:4      | Noticed an angel
  3698 | D:4      | Found a glowing silver altar of Zin.
  3970 | D:4      | Gained mutation: Armour fits poorly on your strangely shaped body. [mutagenic hatch]
  3970 | D:5      | Entered Level 5 of the Dungeon
  3975 | D:5      | Found a corrupted altar of Lugonu.
  3990 | D:5      | Got the +4 morningstar of the Everdark {freeze, Fragile rF+ rC+}
  4054 | D:5      | Noticed Sigmund
  4086 | D:5      | HP: 2/45 [Sigmund/magic dart (7)]
  4104 | D:5      | Killed Sigmund
  4104 | D:5      | Reached skill level 7 in Earth Magic
  4184 | D:5      | Found a shadowy altar of Dithmenos.
  4213 | D:5      | Found a sparkling altar of Nemelex Xobeh.
  4232 | D:5      | Found a white marble altar of Elyvilon.
  4243 | D:5      | Reached XP level 8. HP: 30/50 MP: 12/15
  4305 | D:5      | Noticed Edmund
  4389 | D:5      | Killed Edmund
  4784 | D:5      | Found a hide-covered altar of Uskayaw.
  4793 | D:5      | Noticed a hand axe
  4794 | D:5      | Noticed a hand axe
  5133 | D:5      | Found a sparkling altar of Nemelex Xobeh.
  5185 | D:5      | Found a runed door.
  5289 | D:5      | Noticed Crazy Yiuf
  5296 | D:5      | Killed Crazy Yiuf
  5342 | D:5      | Lost mutation: You have a pair of small horns on your head. [mutagenic hatch]
  5344 | D:6      | Found a glowing golden altar of the Shining One.
  5344 | D:6      | Found a viscous altar of Jiyva.
  5345 | D:6      | Found a burning altar of Makhleb.
  5348 | D:6      | Found an iron altar of Okawaru.
  5348 | D:6      | Found a radiant altar of Vehumet.
  5461 | D:6      | Found a snail-covered altar of Cheibriados.
  5492 | D:6      | Reached skill level 8 in Earth Magic
  5810 | D:6      | Found a deep blue altar of Sif Muna.
  5818 | D:6      | Became a worshipper of Sif Muna the Loreminder
  6380 | D:7      | Reached skill level 5 in Armour
  6446 | D:7      | Reached XP level 9. HP: 36/54 MP: 11/17
  7100 | D:7      | Noticed Grinder
  7247 | D:7      | Reached skill level 9 in Earth Magic
  7250 | D:7      | Paralysed by Grinder for 2 turns
  7254 | D:7      | Killed Grinder
  7379 | D:7      | Slain by a gnoll sergeant

Skill      XL: |  1  2  3  4  5  6  7  8  9 |
---------------+----------------------------+-----
Axes           | 1 2 3 4 5 7 8 |  8.7
Fighting       | 1 2 |  2.1
Transmutations | 2 |  2.8
Earth Magic    | 5 6 7 8 9 |  9.1
Armour         | 1 3 5 6 |  6.2
Dodging        | |  1.5
Stealth        | |  1.5

Action                   |  1- 3 |  4- 6 |  7- 9 || total
-------------------------+-------+-------+-------++-------
Melee: Unarmed           |    29 |     8 |       ||    37
       Headbutt          |       |    12 |    18 ||    30
       Hand axe          |       |    99 |    15 ||   114
       War axe           |       |       |   179 ||   179
Throw: Javelin           |     6 |       |       ||     6
       Tomahawk          |     6 |       |       ||     6
 Cast: Sandblast         |    39 |    75 |    94 ||   208
       Petrify           |       |     4 |       ||     4
       Passwall          |       |     3 |     2 ||     5
       Lee's Rapid Decon |       |       |     9 ||     9
  Use: Potion            |     2 |       |     1 ||     3
 Stab: Sleeping          |     2 |     2 |       ||     4
       Petrified         |       |     4 |       ||     4
Armor: Leather armour    |    12 |    48 |       ||    60
       Chain mail        |       |    34 |   111 ||   145
       Robe              |       |       |    14 ||    14
Dodge: Dodged            |    38 |   131 |   163 ||   332
